 Dungeon Crawl Stone Soup version 0.27.1-1-g398f81649c (webtiles) character file.

Game seed: 9250869039912309397

457 szrap the Magician (level 6, -1/25 (30) HPs)
             Began as a Spriggan Venom Mage on Sept 3, 2021.
             Was an Initiate of Fedhas.
             Slain by a shadow imp (5 damage)
             ... on level 4 of the Dungeon on Sept 9, 2021.
             The game lasted 00:26:01 (8425 turns).

szrap the Magician (Spriggan Venom Mage)            Turns: 8425, Time: 00:26:02

HP:   -1/25 (30)    AC:  2    Str:  4    XL:     6   Next: 77%
MP:   10/14         EV: 18    Int: 19    God:    Fedhas [......]
Gold: 237           SH:  0    Dex: 15    Spells: 1/15 levels left

rFire    . . .     SeeInvis +   b - +1 dagger (freeze)
rCold    . . .     Faith    .   (shield restricted)
rNeg     . . .     Spirit   .   a - +0 robe
rPois    .         Reflect  .   (helmet restricted)
rElec    .         Harm     .   (no cloak)
rCorr    .         Rampage  .   (gloves unavailable)
Will     +....                  (boots unavailable)
Stlth    +++.......             (no amulet)
HPRegen  0.08/turn              (no ring)
MPRegen  0.14/turn              (no ring)

@: heavily drained, very quick
A: very small, no large weapons, unfitting armour, see invisible, speed 3
a: Renounce Religion


You were on level 4 of the Dungeon.
You worshipped Fedhas.
Fedhas was noncommittal.
You visited 1 branch of the dungeon, and saw 5 of its levels.

You collected 237 gold pieces.

Inventory:

Hand Weapons
 b - a +1 dagger of freezing (weapon)
Missiles
 d - 60 stones
 h - 56 sling bullets
 i - 15 poisoned darts
 m - 2 boomerangs (quivered)
Armour
 a - a +0 robe (worn)
 j - a +0 animal skin
Wands
 e - a wand of iceblast (6)
Scrolls
 c - 3 scrolls of teleportation
Potions
 f - a potion of curing {unknown}
 g - a potion of might
 k - a potion of magic {unknown}
 n - a potion of invisibility {unknown}


   Skills:
 * Level 1.9 Fighting
 - Level 0.8 Short Blades
 * Level 1.4 Throwing
 * Level 4.0 Dodging
 - Level 5.0 Stealth
 + Level 5.0 Spellcasting
 - Level 1.3 Transmutations
 - Level 0.2 Air Magic
 + Level 4.6 Poison Magic


You had one spell level left.
You knew the following spells:

 Your Spells              Type           Power      Damage    Failure   Level
a - Sting                 Tmut/Pois      64%        1d6       3%          1
b - Poisonous Vapours     Pois/Air       28%        N/A       7%          2
c - Mephitic Cloud        Conj/Pois/Air  11%        N/A       19%         3
d - Olgreb's Toxic Radia  Pois           22%        N/A       19%         4
e - Teleport Other        Tloc           4%         N/A       36%         3
f - Apportation           Tloc           8%         N/A       12%         1

Your spell library contained the following spells:

 Spells                   Type           Power      Damage    Failure   Level
 Corpse Rot               Necr/Air       N/A        N/A       19%         2
 Gell's Gravitas          Tloc           2%         N/A       36%         3
 Alistair's Intoxication  Tmut/Pois      10%        N/A       69%         5
 Freezing Cloud           Conj/Ice/Air   2%         6-21      97%         5
 Dispersal                Tloc           2%         N/A       100%        6
 Invisibility             Hex            2%         N/A       100%        6


Dungeon Overview and Level Annotations

Branches:
Dungeon (5/15)
 Temple: D:4-7

Altars:
Ashenzari
Fedhas

Shops:
D:3 *


Innate Abilities, Weirdness & Mutations

You are very small and have problems with some larger weapons.
You are too small for most types of armour.
You have supernaturally acute eyesight. (SInv)
You cover ground extremely quickly. (Speed+++)


Message History

You closely miss the shadow imp. The shadow imp closely misses you.
Press: ? - help, v - describe, . - travel
Here: a shadow imp The floor.
A shadow imp is nearby!
Cast which spell? (? or * to list)
Aiming: Sting (safe; 3% risk of failure)
Press: ? - help, Shift-Dir - straight line, f/p - shadow imp
Aim: a shadow imp (71% to hit)
The sting misses the shadow imp.
The shadow imp completely misses you.
Casting: Sting (safe; 3% risk of failure)
Confirm with . or Enter, or press ? or * to list all spells.
Aiming: Sting (safe; 3% risk of failure)
Press: ? - help, Shift-Dir - straight line, f/p - shadow imp
Aim: a shadow imp (71% to hit)
The sting hits the shadow imp.
The shadow imp partially resists.
The shadow imp is poisoned.
The shadow imp is lightly wounded.
The shadow imp closely misses you.
Unknown command.
Casting: Sting (safe; 3% risk of failure)
Confirm with . or Enter, or press ? or * to list all spells.
Aiming: Sting (safe; 3% risk of failure)
Press: ? - help, Shift-Dir - straight line, f/p - shadow imp
Aim: a shadow imp (lightly wounded, poisoned, 71% to hit)
The sting hits the shadow imp but does no damage.
The shadow imp looks even sicker.
The shadow imp is lightly wounded.
The shadow imp hits you.
* * * LOW HITPOINT WARNING * * *
Casting: Sting (safe; 3% risk of failure)
Confirm with . or Enter, or press ? or * to list all spells.
Aiming: Sting (safe; 3% risk of failure)
Press: ? - help, Shift-Dir - straight line, f/p - shadow imp
Aim: a shadow imp (lightly wounded, very poisoned, 71% to hit)
The sting hits the shadow imp.
The shadow imp partially resists.
The shadow imp is moderately wounded.
The shadow imp hits you.
You die...
Fedhas appreciates your contribution to the ecosystem.

#.## ########## #.#
## #..# #.# #. ##.#
#.# #. #.#
#.#########. #.#
#........... #)#
################ #.#
#..........# #.#
######.########.#
#.##
#...@5....#####.#####
#..#
#.####.#.............
##.# #.#
#.##...........# #.#
#># #.####.....#...#
#.# #.#
#.####.....##.## #.#
#.# #...)......##.##
######.######.#
######.....##.##
..............#
#.....##.##
######.#####.##
####.........#


You could see a shadow imp (very poisoned).

Vanquished Creatures
  2 ogres (D:4)
  A scorpion (D:4)
  A bullfrog skeleton (D:4)
  An iguana (D:4)
  2 hound skeletons (D:4)
  Robin (D:2)
  2 adders
  A worm (D:2)
  2 dart slugs
  7 orcs (D:4)
  10 ball pythons
  9 bats
  7 endoplasms
  3 giant cockroaches
  12 goblins
  15 hobgoblins
  4 jackals (D:1)
  A quokka (D:2)
  6 frilled lizards
  10 kobolds
  6 rats
103 creatures vanquished.

Notes
Turn   | Place    | Note
-------+----------+-------------------------------------------
     0 | D:1      | szrap the Spriggan Venom Mage began the quest for the Orb.
     0 | D:1      | Reached XP level 1. HP: 9/9 MP: 5/5
   315 | D:1      | Reached XP level 2. HP: 13/13 MP: 3/6
   443 | D:1      | Learned a level 2 spell: Poisonous Vapours
  1119 | D:1      | Reached XP level 3. HP: 17/17 MP: 5/8
  2108 | D:2      | Noticed Robin
  2638 | D:2      | Learned a level 3 spell: Mephitic Cloud
  2973 | D:2      | Upgraded the game from 0.27.1 to 0.27.1-1-g398f81649c
  3394 | D:2      | Reached XP level 4. HP: 21/21 MP: 1/10
  4303 | D:2      | Reached skill level 1 in Fighting
  4389 | D:2      | Killed Robin
  4761 | D:3      | Found Magheaj's General Store.
  5527 | D:3      | Learned a level 4 spell: Olgreb's Toxic Radiance
  6165 | D:4      | Found a blossoming altar of Fedhas.
  6166 | D:4      | Noticed an ogre
  6187 | D:4      | Killed an ogre
  6188 | D:4      | Reached XP level 5. HP: 25/25 MP: 4/12
  6292 | D:4      | Found a broken altar of Ashenzari.
  6418 | D:4      | Noticed an ogre
  6441 | D:4      | Killed an ogre
  6442 | D:4      | Reached skill level 1 in Throwing
  6442 | D:4      | Reached XP level 6. HP: 30/30 MP: 6/14
  7525 | D:4      | Reached skill level 5 in Stealth
  7525 | D:4      | Reached skill level 5 in Spellcasting
  8075 | D:4      | Became a worshipper of Fedhas Madash
  8108 | D:5      | Entered Level 5 of the Dungeon
  8114 | D:5      | Learned a level 3 spell: Teleport Other
  8116 | D:5      | Learned a level 1 spell: Apportation
  8425 | D:4      | Slain by a shadow imp

Illustrated notes

Levels and vault maps discovered:
D:1:      psy_arrival_conway, layout_basic
D:2:      layout_basic, dk_noncrumbling_3, uniq_robin
D:3:      layout_loops_corners, serial_shops, shop
D:4:      layout_loops_ring, mainiacjoe_overflow_alcove_1,
          mainiacjoe_overflow_concentric_impassable
D:5:      layout_basic, overflow_temple_1_default, mainiacjoe_overflow_catwalk,
          gammafunk_temple_overflow_forgotten

Skill      XL: |  1  2  3  4  5  6 |
---------------+-------------------+-----
Spellcasting   | 3 4 5 |  5.0
Dodging        | 3 4 |  4.0
Fighting       | 1 |  1.9
Stealth        | 4 5 |  5.0
Poison Magic   | 4 |  4.6
Throwing       | 1 |  1.4
Short Blades   | |  0.8
Transmutations | |  1.3
Air Magic      | |  0.2

Action                   |  1- 3 |  4- 6 || total
-------------------------+-------+-------++-------
Melee: Dagger            |     7 |    44 ||    51
Throw: Stone             |     4 |    27 ||    31
       Boomerang         |       |     1 ||     1
 Cast: Sting             |    26 |    58 ||    84
       Poisonous Vapours |    45 |    70 ||   115
Evoke: Wand              |       |     2 ||     2
  Use: Scroll            |     2 |     3 ||     5
Armor: Robe              |     2 |    12 ||    14
Dodge: Dodged            |    26 |    73 ||    99
